 Dungeon Crawl Stone Soup version 0.31-a0-217-g58bb5d79cf (webtiles) character file.

Game seed: 9666758873958532193

23 qw the Shooter (level 2, 0/17 HPs)
             Began as a Gargoyle Hexslinger on July 2, 2023.
             Slain by a goblin
             ... wielding a +0 club
             ... led by Robin
              (5 damage)
             ... on level 2 of the Dungeon.
             The game lasted 00:00:18 (670 turns).

qw the Shooter (Gargoyle Hexslinger)                 Turns: 670, Time: 00:00:18

Health: 0/17       AC:  4    Str: 11    XL:     2   Next: 95%
Magic:  3/3        EV: 12    Int: 13    God:
Gold:   68         SH:  0    Dex: 12    Spells: 2/3 levels left

rFire   . . .        Y - +1 sling
rCold   . . .        (no shield)
rNeg    + . .        c - +0 robe
rPois   inf          (no helmet)
rElec   +            (no cloak)
rCorr   .            (no gloves)
SInv    .            (no boots)
Will    +....        (no amulet)
Stlth   +            h - ring of willpower
HPRegen 0.22/turn    (no ring)
MPRegen 0.08/turn

%: no passive effects
@: no status effects
A: sickness immunity, AC +2, negative energy resistance 1, electricity
resistance, torment resistance 1, petrification resistance
a: no special abilities


You were on level 2 of the Dungeon.
You visited 1 branch of the dungeon, and saw 2 of its levels.

You collected 68 gold pieces.


Innate Abilities, Weirdness & Mutations

You are immune to sickness and miasma.
Your stone body is resilient. (AC +2)
You are immune to poison.
You resist negative energy. (rN+)
You are resistant to electric shocks. (rElec)
You are resistant to unholy torment.
You are immune to petrification.


   Skills:
 + Level 1.9 Fighting
 - Level 3.0 Ranged Weapons
 - Level 1.5 Dodging
 - Level 1.0 Spellcasting
 - Level 2.6 Hexes


You had 2 spell levels left.
You knew the following spells:

 Your Spells              Type           Power      Damage    Failure   Level
a - Slow                  Hex            28%        N/A       10%         1

Your spell library contained the following spells:

 Spells                   Type           Power      Damage    Failure   Level
 Inner Flame              Hex/Fire       4%         N/A       43%         3
 Portal Projectile        Hex/Tloc       8%         N/A       43%         3
 Cause Fear               Hex            3%         N/A       67%         4

Inventory:

Hand Weapons
 Y - a +1 sling (weapon)
Armour
 c - a +0 robe (worn)
Jewellery
 h - a ring of willpower (left hand)
 i - a ring of fire
Scrolls
 a - a scroll of teleportation
Potions
 e - a potion of heal wounds {unknown}
 g - a potion of curing {unknown}

Dungeon Overview and Level Annotations

Branches:
Dungeon (2/15)

Altars:

Shops:
D:1 =

Annotations:
D:2 Robin


Message History

The hobgoblin is lightly wounded.
Robin throws the goblin at you!
A hobgoblin comes into view.
The goblin closely misses you.
You shoot a sling bullet.
The sling bullet closely misses the goblin.
The goblin closely misses you. The goblin hits you but does no damage.
A hobgoblin comes into view.
The goblin misses you. x2; The goblin closely misses you.
You shoot a sling bullet. The sling bullet hits the goblin.
The goblin is severely wounded.
The goblin closely misses you. x2
You shoot a sling bullet.
The sling bullet closely misses the goblin.
The goblin barely misses you. The goblin hits you with a +0 club.
The goblin hits you but does no damage.
Robin roars a battlecry!
The goblins go into a battle-frenzy!
The goblin hits you but does no damage.
A hobgoblin comes into view.
The hobgoblin shouts!
You hear a shout!
You shoot a sling bullet. The sling bullet hits the goblin.
You kill the goblin!
The goblin misses you. The goblin hits you but does no damage.
The goblin closely misses you.
A hobgoblin comes into view.
You shoot a sling bullet. The sling bullet hits the hobgoblin.
The hobgoblin is almost dead.
The goblin hits you but does no damage. The goblin misses you.
The goblin hits you with a +0 dagger. Robin throws the goblin at you!
The goblin closely misses you. The hobgoblin hits you.
The hobgoblin closely misses you.
Robin says, "Bow before me, strongest of all the hobgoblins!"
Robin barely misses you. The goblin hits you but does no damage.
The goblin misses you. The goblin hits you with a +0 dagger.
670 ||| STAIRDANCE The hobgoblin closely misses you.
Robin barely misses you. The goblin hits you with a +0 dagger.
The goblin hits you but does no damage. The goblin hits you with a +0 club.
You die...

#.. #.. .#+##.g
### ......g ..#
#...).g ..##
#....g.#...##
#....ggg....##.
#....gg@.......
###.##g#g......
#. ....... ##
....... .......
.....#. ...###
....


You could see Robin, 6 hobgoblins and 4 goblins.

Vanquished Creatures
  A ball python (D:1)
  4 bats (D:1)
  2 endoplasms (D:1)
  2 giant cockroaches (D:1)
  3 goblins
  A hobgoblin (D:1)
  2 kobolds (D:1)
  A frilled lizard (D:1)
  3 rats (D:1)
19 creatures vanquished.

Notes
Turn   | Place    | Note
-------+----------+-------------------------------------------
     0 | D:1      | qw the Gargoyle Hexslinger began the quest for the Orb.
     0 | D:1      | Reached XP level 1. HP: 12/12 MP: 2/2
     0 | D:1      | 0 ||| qw: Version: 0.3-a-40-ge99b1a8
     0 | D:1      | 0 ||| qw: Game counter: 27
     0 | D:1      | 0 ||| qw: Melee chars always use a shield: true
     0 | D:1      | 0 ||| qw: God list: Okawaru
     0 | D:1      | 0 ||| qw: Allow faded altars: false
     0 | D:1      | 0 ||| qw: Do Orc after clearing Dungeon:15 true
     0 | D:1      | 0 ||| qw: Do second Lair branch before Depths: true
     0 | D:1      | 0 ||| qw: Lair rune preference: random
     0 | D:1      | 0 ||| qw: Goals: Normal
     0 | D:1      | 0 ||| PLANNING D:1-11
   117 | D:1      | Reached XP level 2. HP: 14/16 MP: 3/3
   225 | D:1      | Found Didop's Jewellery Shoppe.
   233 | D:1      | 233 ||| SHOPLISTING +4 ring of protection (468 gold, have
                  | 47).
   233 | D:1      | 233 ||| SHOPLISTING +5 ring of evasion (468 gold, have 47).
   233 | D:1      | 233 ||| SHOPLISTING amulet of faith (520 gold, have 47).
   233 | D:1      | 233 ||| SHOPLISTING amulet of reflection (390 gold, have
                  | 47).
   233 | D:1      | 233 ||| SHOPLISTING ring of fire (325 gold, have 47).
   233 | D:1      | 233 ||| SHOPLISTING ring of ice (325 gold, have 47).
   233 | D:1      | 233 ||| SHOPLISTING ring of protection from cold (325 gold,
                  | have 47).
   488 | D:1      | Reached skill level 3 in Ranged Weapons
   635 | D:1      | 635 ||| UPGRADING to ring of willpower.
   636 | D:1      | 636 ||| READING 2 scrolls labelled ALONUTSAEM.
   640 | D:1      | 640 ||| READING scroll labelled MAUDWYMISO.
   641 | D:1      | 641 ||| DROPPING scroll of poison.
   661 | D:2      | Noticed Robin
   670 | D:2      | 670 ||| STAIRDANCE
   670 | D:2      | Slain by a goblin

Levels and vault maps discovered:
D:1:      onia_arrival_handbag, layout_basic, serial_shops, shop,
          reono_crystal_passage
D:2:      layout_basic, serial_rivers, chequers_serial_rivers_micro_c,
          chequers_serial_rivers_room_a, chequers_serial_rivers_large_b,
          chequers_serial_rivers_large_a, basic_altar, uniq_robin, uniq_sigmund

Skill      XL: |  1  2 |
---------------+-------+-----
Ranged Weapons | 3 |  3.0
Fighting       | |  1.9
Dodging        | |  1.5
Spellcasting   | |  1.0
Hexes          | |  2.6

Action                     || total
---------------------------++-------
   Fire: Sling             ||    70
    Use: Scroll            ||     2
 Armour: Robe              ||    21
  Dodge: Dodged            ||    37

Table legend:
 A = Non-vault XP
 B = Vault XP
 C = Vault XP percentage of total XP
 D = Non-vault monster count
 E = Vault monster count
 F = Vault count percentage of total count
                 A         B        C        D         E       F
            +---------+---------+-------+---------+---------+-------
      Total |      23 |      10 |  30.3 |      13 |       6 |  31.6
            +---------+---------+-------+---------+---------+-------
        D:1 |      23 |       6 |  20.7 |      13 |       4 |  23.5
        D:2 |       0 |       4 | 100.0 |       0 |       2 | 100.0
            +---------+---------+-------+---------+---------+-------
